 Dungeon Crawl Stone Soup version 0.22-a0-580-gd5db89c (webtiles) character file.

13267 emperorscorpion the Severer (level 12, -1/104 HPs)
             Began as a Hill Orc Fighter on July 3, 2018.
             Was a Believer of Nemelex Xobeh.
             Slain by a two-headed ogre
             ... wielding a +0 giant spiked club
              (6 damage)
             ... on level 1 of the Orcish Mines.
             The game lasted 00:20:50 (12319 turns).

emperorscorpion the Severer (Hill Orc Fighter)     Turns: 12319, Time: 00:20:51

Health: -1/104     AC: 21    Str: 24    XL:     12   Next: 4%
Magic:  18/18      EV: 11    Int:  8    God:    Nemelex Xobeh [**....]
Gold:   1360       SH: 13    Dex: 10    Spells: 11/11 levels left

rFire    . . .     SeeInvis .   a - +0 broad axe
rCold    . . .     Gourm    .   c - +1 shield
rNeg     . . .     Faith    .   z - +0 plate armour
rPois    .         Spirit   .   B - +0 helmet
rElec    .         Reflect  .   s - +0 cloak
rCorr    .         Harm     .   k - +0 pair of gloves
MR       .....                  (no boots)
Stlth    ..........             (no amulet)
HPRegen  0.27/turn              U - +3 ring of protection
MPRegen  0.16/turn              y - +4 ring of evasion

@: slowed, very slow
A: no striking features
a: Renounce Religion


You were on level 1 of the Orcish Mines.
You worshipped Nemelex Xobeh.
Nemelex Xobeh was pleased with you.
You were hungry.

You visited 3 branches of the dungeon, and saw 13 of its levels.
You also visited: Ossuary.

You collected 1533 gold pieces.
You spent 173 gold pieces at shops.

Inventory:

Hand Weapons
 a - a +0 broad axe (weapon)
 b - a +0 morningstar
 i - a cursed -2 spear
 E - a +0 war axe
 V - a +0 blowgun
Missiles
 l - 66 poisoned needles
 Y - 8 curare-tipped needles
Armour
 c - a +1 shield (worn)
 k - a +0 pair of gloves (worn)
 s - a +0 cloak (worn)
 t - a +0 scale mail
 x - a +0 chain mail
 z - a +0 plate armour (worn)
 B - a +0 helmet (worn)
Jewellery
 v - an uncursed ring of positive energy
 y - a +4 ring of evasion (right hand)
 L - an uncursed ring of positive energy
 U - a +3 ring of protection (left hand)
Wands
 r - a wand of digging (15)
 F - a wand of disintegration (7)
 J - a wand of iceblast (11)
 O - a wand of clouds (3)
 R - a wand of polymorph (11)
Scrolls
 g - 8 scrolls of identify
 n - 2 scrolls of magic mapping
 G - 4 scrolls of teleportation
 I - 3 scrolls of remove curse
 K - a scroll of fog
 N - a scroll of amnesia {unknown}
 S - a scroll of torment {unknown}
 X - a scroll of enchant armour
Potions
 d - 2 potions of might
 e - 7 potions of haste
 m - a potion of curing
 o - a potion of berserk rage {unknown}
 p - 2 potions of heal wounds
 q - 2 potions of flight
 w - a potion of agility {unknown}
 A - a potion of mutation {unknown}
 C - 2 potions of brilliance {unknown}
 D - 2 potions of resistance {unknown}
 H - a potion of lignification {unknown}
 Q - 3 potions of magic {unknown}
Miscellaneous
 u - a plain deck of destruction {drawn: 2}
 P - a plain deck of destruction
 W - a plain deck of destruction
Comestibles
 f - 13 rations
 h - a chunk of flesh


   Skills:
 + Level 9.1 Fighting
 + Level 15.0 Axes
 + Level 0.3 Throwing
 + Level 8.8 Armour
 + Level 2.1 Dodging
 - Level 0.3 Stealth
 + Level 9.4 Shields
 * Level 8.4 Invocations
 + Level 0.4 Evocations


You had 11 spell levels left.
You didn't know any spells.
Your spell library was empty.

Dungeon Overview and Level Annotations

Branches:
Dungeon (10/15)            Temple (1/1) D:7            Lair (0/6) D:9
    Orc (2/2) D:10
    Elf: Orc:2

Altars:
Ashenzari
Cheibriados
Dithmenos
Elyvilon
Fedhas
Gozag
Hepliaklqana
Kikubaaqudgha
Makhleb
Nemelex Xobeh
Okawaru
Qazlal
Ru
Sif Muna
Trog
Uskayaw
Vehumet
Wu Jian
Xom
Yredelemnul
Zin
The Shining One

Shops:
D:7 *   D:8 }   Orc:2 *


Message History

You hit the two-headed ogre but do no damage.
The two-headed ogre barely misses you.
The two-headed ogre hits you but does no damage.
You slash the two-headed ogre!
The two-headed ogre is lightly wounded.
You block the two-headed ogre's attack. The two-headed ogre closely misses you.
You hit the two-headed ogre.
The two-headed ogre is moderately wounded.
The two-headed ogre hits you with a giant spiked club!
The two-headed ogre hits you with a dire flail!
* * * LOW HITPOINT WARNING * * *
The two-headed ogre barely misses you.
The two-headed ogre hits you with a dire flail!
* * * LOW HITPOINT WARNING * * *
The two-headed ogre hits you with a giant spiked club!
* * * LOW HITPOINT WARNING * * *
You block the two-headed ogre's attack.
The two-headed ogre hits you with a giant spiked club.
You die...
Your body glows with a rainbow of weird colours and disappears.

###........#.## ##
##.(.....##...# #
###....#....#..## ##
##.##...(>......# #.
#....#.......#..## ##
#................# #
##...............##
#...........OO..##
##.........@...## ##
#...##.......#.## .##
##..###.........#
..#####...#.....#.#.##
.###.##.[.#..#.######
..#....#[#[[....#
........###....##
.....#.## ##.###
....##.## ###


You could see a two-headed ogre and an ogre.

Vanquished Creatures
  An ogre mage (Orc:2)
  3 two-headed ogres (Orc:2)
  An orc high priest (Orc:1)
  Pikel (D:4)
  An ugly thing (D:8)
  A cyclops (Orc:1)
  Joseph (D:7)
  2 trolls
  A hippogriff (D:7)
  Sigmund (D:3)
  8 yaks
  3 hungry ghosts
  4 wargs
  A water moccasin (D:6)
  Duvessa (D:5)
  2 slaves
  2 phantoms
  13 orc warriors
  3 centaurs
  4 ice beasts
  4 ogres
  2 necrophages
  A big kobold (D:9)
  A bullfrog (D:7)
  2 scorpions
  Dowan (D:5)
  3 killer bees (D:7)
  2 howler monkeys
  4 crimson imps
  A centaur zombie (D:7)
  7 orc priests
  12 orc wizards
  3 jellies
  2 gnoll shamans
  4 hounds
  2 bullfrog skeletons
  2 centaur skeletons
  An iguana (D:5)
  Crazy Yiuf (D:2)
  Terence (D:2)
  4 worker ants
  A big kobold zombie (Ossuary)
  A hound zombie (D:5)
  8 mummies (Ossuary)
  A worker ant zombie (D:7)
  7 gnolls
  A howler monkey skeleton (D:10)
  15 adders
  4 oozes
  An adder zombie (D:9)
  An adder skeleton (D:4)
  2 worms
  2 dart slugs
  6 leopard geckos
  43 orcs
  6 bats
  5 giant cockroaches
  2 gnoll zombies (Ossuary)
  12 goblins
  9 hobgoblins
  20 jackals
  4 quokkas
  2 ball pythons
  A ball python skeleton (D:5)
  2 frilled lizards
  2 hobgoblin zombies (Ossuary)
  16 kobolds
  A kobold zombie (Ossuary)
  2 leopard gecko skeletons
  2 orc zombies (Ossuary)
  10 rats
303 creatures vanquished.

Vanquished Creatures (collateral kills)
  A troll (Orc:2)
1 creature vanquished.

Vanquished Creatures (others)
  A two-headed ogre (D:10)
  A slave (D:4)
  A centaur (D:10)
  A bullfrog (D:10)
  A jelly (D:10)
  An adder (D:4)
6 creatures vanquished.

Grand Total: 310 creatures vanquished

Notes
Turn   | Place    | Note
-------+----------+-------------------------------------------
     0 | D:1      | emperorscorpion the Hill Orc Fighter began the quest for the Orb.
     0 | D:1      | Reached XP level 1. HP: 19/19 MP: 1/1
    91 | D:1      | Reached XP level 2. HP: 19/27 MP: 2/2
   104 | D:1      | Reached skill level 3 in Axes
   126 | D:1      | Reached XP level 3. HP: 24/33 MP: 3/3
   875 | D:2      | Noticed Terence
   882 | D:2      | Killed Terence
   882 | D:2      | Reached skill level 4 in Axes
   882 | D:2      | Reached XP level 4. HP: 40/40 MP: 4/4
   991 | D:2      | Found a snail-covered altar of Cheibriados.
  1190 | D:2      | Found a faded altar of an unknown god.
  1531 | D:2      | Found a runed door.
  1535 | D:2      | Noticed Crazy Yiuf
  1540 | D:2      | Killed Crazy Yiuf
  1540 | D:2      | Reached XP level 5. HP: 16/46 MP: 5/5
  1819 | D:3      | Reached skill level 5 in Axes
  2188 | D:3      | Reached XP level 6. HP: 53/53 MP: 6/6
  2321 | D:3      | Noticed Sigmund
  2332 | D:3      | Killed Sigmund
  2332 | D:3      | Reached skill level 6 in Axes
  2345 | D:3      | Reached XP level 7. HP: 22/60 MP: 7/7
  2347 | D:3      | Reached skill level 1 in Dodging
  2838 | D:4      | Reached skill level 5 in Armour
  2838 | D:4      | Reached skill level 7 in Axes
  3113 | D:4      | Noticed Pikel
  3152 | D:4      | Killed Pikel
  3152 | D:4      | Reached skill level 5 in Fighting
  3152 | D:4      | Reached skill level 8 in Axes
  3152 | D:4      | Reached skill level 5 in Shields
  3152 | D:4      | Reached XP level 8. HP: 55/69 MP: 8/8
  3186 | D:4      | Found a sand-covered staircase.
  3192 | Ossuary  | Entered an ossuary
  3703 | D:4      | Found a bloodstained altar of Trog.
  3968 | D:4      | Reached skill level 9 in Axes
  4080 | D:5      | Entered Level 5 of the Dungeon
  4254 | D:5      | Noticed Dowan
  4289 | D:5      | Killed Dowan
  4352 | D:5      | Noticed Duvessa
  4381 | D:5      | Killed Duvessa
  4678 | D:5      | You fall through a shaft!
  4862 | D:6      | Reached skill level 10 in Axes
  4862 | D:6      | Reached XP level 9. HP: 64/75 MP: 9/9
  5561 | D:6      | Found a shimmering altar of Xom.
  5601 | D:6      | Found a white marble altar of Elyvilon.
  5904 | D:7      | Found Bypruofiulo's Assorted Antiques.
  5912 | D:7      | Bought a scroll labeled ULIVE MINU for 22 gold pieces
  5912 | D:7      | Bought a scroll labeled TIOTHR CUPURR for 22 gold pieces
  5913 | D:7      | Bought a white potion for 19 gold pieces
  5913 | D:7      | Bought an iron wand for 88 gold pieces
  5913 | D:7      | Bought a scroll labeled RAFETE TIDU for 22 gold pieces
  6170 | D:7      | Reached skill level 11 in Axes
  6352 | D:7      | Found a staircase to the Ecumenical Temple.
  6361 | Temple   | Entered the Ecumenical Temple
  6438 | Temple   | Became a worshipper of Nemelex Xobeh the Trickster
  6507 | D:7      | Reached skill level 1 in Invocations
  6650 | D:7      | Noticed Joseph
  6691 | D:7      | Killed Joseph
  6691 | D:7      | Reached XP level 10. HP: 58/86 MP: 2/12
  6718 | D:7      | Reached skill level 12 in Axes
  6873 | D:7      | Received a gift from Nemelex Xobeh
  7164 | D:8      | Noticed a green ugly thing
  7192 | D:8      | Killed a green ugly thing
  7253 | D:8      | Found Ecowyts's Gadget Shop.
  7753 | D:8      | Reached * piety under Nemelex Xobeh
  8142 | D:9      | Received a gift from Nemelex Xobeh
  8274 | D:9      | Reached skill level 5 in Invocations
  8584 | D:9      | Found a deep blue altar of Sif Muna.
  8615 | D:9      | Found a sacrificial altar of Ru.
  8641 | D:9      | Received a gift from Nemelex Xobeh
  8712 | D:9      | Found a staircase to the Lair.
  9053 | D:10     | Entered Level 10 of the Dungeon
  9053 | D:10     | Reached ** piety under Nemelex Xobeh
  9283 | D:10     | Found a staircase to the Orcish Mines.
  9313 | Orc:1    | Entered Level 1 of the Orcish Mines
  9314 | Orc:1    | Noticed an orc high priest
  9337 | D:10     | Reached skill level 13 in Axes
  9564 | D:10     | Noticed a two-headed ogre
  9574 | D:10     | Killed a two-headed ogre
  9574 | D:10     | Reached XP level 11. HP: 70/94 MP: 15/15
  9838 | Orc:1    | Noticed a soul eater
 10440 | Orc:1    | Killed an orc high priest
 10691 | Orc:2    | Entered Level 2 of the Orcish Mines
 10735 | Orc:2    | Received a gift from Nemelex Xobeh
 10804 | Orc:1    | Noticed a cyclops
 10815 | Orc:1    | Killed a cyclops
 10924 | Orc:1    | Reached skill level 14 in Axes
 11588 | Orc:2    | Found Ezahas's General Store.
 11588 | Orc:2    | Noticed a stone giant
 11588 | Orc:2    | Noticed a two-headed ogre
 11588 | Orc:2    | Noticed a deep troll
 11588 | Orc:2    | Noticed a two-headed ogre
 11589 | Orc:2    | Noticed a two-headed ogre
 11707 | Orc:2    | Killed a two-headed ogre
 11717 | Orc:2    | Noticed a two-headed ogre
 11726 | Orc:2    | Killed a two-headed ogre
 12117 | Orc:2    | Killed a two-headed ogre
 12288 | Orc:2    | Noticed an ogre mage
 12295 | Orc:2    | Noticed a two-headed ogre
 12297 | Orc:2    | Killed an ogre mage
 12297 | Orc:2    | Reached skill level 15 in Axes
 12297 | Orc:2    | Reached XP level 12. HP: 69/104 MP: 18/18
 12317 | Orc:1    | HP: 5/104 [two-headed ogre/giant spiked club (14)]
 12319 | Orc:1    | Slain by a two-headed ogre

Vault maps used:
D:1:      minmay_arrival_widening_spiral_wide
D:2:      nicolae_overflow_crystal_walls,
          chequers_ecumenical_altar_simple_redux, uniq_crazy_yiuf_cottage,
          uniq_terence
D:3:      first_ration, minmay_close_crescents, uniq_sigmund
D:4:      lightli_temple_of_fire, enter_ossuary_3, uniq_pikel
D:5:      minmay_misc_feat_more_columns, uniq_duvessa
D:6:      elyvilon_altar_5, basic_altar, palyth_stone_intersect,
          due_unseen_surprise
D:7:      minmay_temple_entry_mist, serial_shops,
          nicolae_shop_competitors_out_of_business, uniq_joseph
D:8:      serial_shops, shop
D:9:      nicolae_ru_the_path_less_chosen, dpeg_oklobed_lair, basic_altar
D:10:     david_orc_2
Temple:   compressed_dpeg_circular_temple
Orc:1:    nicolae_orc_accident_1
Orc:2:    st_orc_open
Ossuary:  ossuary_tomb_3

Skill      XL: |  1  2  3  4  5  6  7  8  9 10 11 |
---------------+----------------------------------+-----
Axes           | 3 4 5 6 8 10 11 13 15 | 15.0
Fighting       | 4 5 6 7 8 9 |  9.1
Armour         | 4 5 7 8 |  8.8
Shields        | 4 5 6 7 8 9 |  9.4
Dodging        | 1 2 |  2.1
Invocations    | 2 6 8 |  8.4
Throwing       | |  0.3
Stealth        | |  0.3
Evocations     | |  0.4

Action                   |  1- 3 |  4- 6 |  7- 9 | 10-12 || total
-------------------------+-------+-------+-------+-------++-------
Melee: War axe           |    88 |   149 |   492 |   243 ||   972
       Broad axe         |       |       |       |   267 ||   267
Throw: Javelin           |       |       |       |     4 ||     4
Evoke: Wand              |       |       |     5 |       ||     5
       Deck              |       |       |       |     9 ||     9
  Use: Scroll            |       |       |     9 |       ||     9
       Potion            |       |       |     3 |     2 ||     5
 Stab: Confused          |       |       |     1 |     1 ||     2
  Eat: Chunk             |       |     5 |    12 |    19 ||    36
       Ration            |       |       |     1 |       ||     1
Armor: Scale mail        |    48 |    82 |       |       ||   130
       Chain mail        |       |    41 |   151 |    44 ||   236
       Plate armour      |       |       |       |    67 ||    67
Dodge: Dodged            |    41 |    46 |   133 |   132 ||   352
Block: Shield            |    46 |    89 |   240 |   258 ||   633

Table legend:
 A = Spawn XP
 B = Non-spawn XP
 C = Spawn XP percentage of total XP
 D = Spawn monster count
 E = Non-spawn monster count
 F = Spawn count percentage of total count
 G = Total turns spent on level
                    A         B        C        D         E        F      G
               +---------+---------+-------+---------+---------+-------+---------
         Total |       0 |   18954 |   0.0 |       0 |     306 |   0.0 | 12319
               +---------+---------+-------+---------+---------+-------+---------
           D:1 |       0 |      68 |   0.0 |       0 |      32 |   0.0 |   797
           D:2 |       0 |     134 |   0.0 |       0 |      23 |   0.0 |   978
           D:3 |       0 |     499 |   0.0 |       0 |      36 |   0.0 |  1076
           D:4 |       0 |     849 |   0.0 |       0 |       8 |   0.0 |   943
           D:5 |       0 |     702 |   0.0 |       0 |      24 |   0.0 |  1024
           D:6 |       0 |     733 |   0.0 |       0 |      20 |   0.0 |   800
           D:7 |       0 |    2030 |   0.0 |       0 |      26 |   0.0 |  1150
           D:8 |       0 |    1256 |   0.0 |       0 |      23 |   0.0 |   993
           D:9 |       0 |    1411 |   0.0 |       0 |      20 |   0.0 |   914
          D:10 |       0 |    3088 |   0.0 |       0 |      32 |   0.0 |  1357
         Orc:1 |       0 |    3516 |   0.0 |       0 |      31 |   0.0 |  1425
         Orc:2 |       0 |    4493 |   0.0 |       0 |      15 |   0.0 |   484
       Ossuary |       0 |     175 |   0.0 |       0 |      16 |   0.0 |   286
               +---------+---------+-------+---------+---------+-------+---------
